 Dungeon Crawl Stone Soup version 0.29.1-2-gbd0b4ee654 (webtiles) character file.

Game seed: 3005115733743741537

61 lokiplouj the Stinger (level 3, -5/19 HPs)
             Began as a Deep Elf Venom Mage on Nov 4, 2022.
             Was a Believer of Kikubaaqudgha.
             Killed from afar by Sigmund (10 damage)
             ... with a puff of flame
             ... on level 3 of the Dungeon.
             The game lasted 00:14:41 (2141 turns).

lokiplouj the Stinger (Deep Elf Venom Mage)         Turns: 2141, Time: 00:14:42

Health: -5/19      AC:  6    Str: 11    XL:     3   Next: 83%
Magic:  10/10      EV: 11    Int: 19    God:    Kikubaaqudgha [**....]
Gold:   140        SH:  0    Dex: 17    Spells: 8/9 levels left

rFire   . . .      SeeInvis .   c - +0 dagger
rCold   . . .      Faith    .   (no shield)
rNeg    . . .      Spirit   .   d - +0 ring mail
rPois   .          Reflect  .   (no helmet)
rElec   .          Harm     .   (no cloak)
rCorr   .          Rampage  .   (no gloves)
Will    .....                   g - +0 pair of boots
Stlth   ++........              h - amulet of regeneration
HPRegen 0.86/turn               m - +6 ring of strength
MPRegen 0.12/turn               (no ring)

@: no status effects
A: no striking features
a: Renounce Religion, Unearth Wretches


You were on level 3 of the Dungeon.
You worshipped Kikubaaqudgha.
Kikubaaqudgha was pleased with you.
You visited 1 branch of the dungeon, and saw 3 of its levels.

You collected 140 gold pieces.

Inventory:

Hand Weapons
 c - a +0 dagger (weapon)
Missiles
 l - a throwing net
Armour
 a - a +0 robe
 d - a +0 ring mail (worn)
 g - a +0 pair of boots (worn)
Jewellery
 h - an amulet of regeneration (around neck)
 m - a +6 ring of strength (left hand)
Scrolls
 e - 4 scrolls of teleportation {unknown}
 i - 3 scrolls of magic mapping
 k - a scroll of fear {unknown}
 n - 2 scrolls of enchant armour {unknown}
 o - a scroll of immolation {unknown}
 p - a scroll of butterflies {unknown}
 q - a scroll of identify {unknown}
Potions
 b - a potion of magic
 f - 2 potions of berserk rage {unknown}
 j - a potion of attraction {unknown}
 r - a potion of brilliance {unknown}


   Skills:
 + Level 3.0 Dodging
 * Level 3.4 Stealth
 * Level 3.7 Spellcasting
 + Level 2.0 Transmutations
 + Level 3.8 Poison Magic


You had 8 spell levels left.
You knew the following spells:

 Your Spells              Type           Power      Damage    Failure   Level
a - Sting                 Tmut/Pois      56%        1d5       11%         1

Your spell library contained the following spells:

 Spells                   Type           Power      Damage    Failure   Level
 Wereblood                Tmut           11%        N/A       22%         2
 Poisonous Vapours        Pois/Air       20%        N/A       24%         2
 Apportation              Tloc           6%         N/A       34%         1
 Necrotise                Necr           12%        1d4       34%         1
 Sandblast                Erth           6%         2d5       34%         1
 Summon Small Mammal      Summ           12%        N/A       34%         1
 Passwall                 Tmut/Erth      5%         N/A       34%         2
 Sublimation of Blood     Necr           3%         N/A       45%         2
 Mephitic Cloud           Conj/Pois/Air  8%         N/A       52%         3
 Olgreb's Toxic Radiance  Pois           17%        N/A       58%         4
 Stone Arrow              Conj/Erth      6%         3d7       71%         3
 Vampiric Draining        Necr           3%         2d6       71%         3
 Animate Dead             Necr           3%         N/A       98%         4
 Summon Hydra             Summ           1%         N/A       100%        7


Dungeon Overview and Level Annotations

Branches:
Dungeon (3/15)

Altars:
Kikubaaqudgha
Zin

Annotations:
D:3 Sigmund


Message History

The hobgoblin closely misses you.
You hit the hobgoblin.
You kill the hobgoblin!
Kikubaaqudgha accepts your kill.
Magic restored.
Found a stone staircase leading down.
Found a club.
You pick up a book of Blood and begin reading...
You add the spells Wereblood and Summon Hydra to your library.
Sigmund the Dreaded comes into view.
He is wielding a +0 scythe.
Found 7 gold pieces.
Sigmund shouts!
Sigmund gestures wildly while chanting.
Sigmund flickers and vanishes!
Deactivating autopickup; reactivate with Ctrl-A.
You see here 7 gold pieces.
You hear some strange, mumbled words.
A puff of flame appears from out of thin air!
The puff of flame misses you.
Casting: Sting (safe; 11% risk of failure)
Confirm with . or Enter, or press ? or * to list all spells.
You can't see any susceptible monsters within range! (Use Z to cast anyway.) Unknown command.
You closely miss something. Something hits you!
You barely miss something. You hit something but do no damage.
Something hits you but does no damage.
You hit something but do no damage. Something hits you. Something hits you!
* * * LOW HITPOINT WARNING * * *
You see here 7 gold pieces.
Something hits you.
* * * LOW HITPOINT WARNING * * *
A puff of flame appears from out of thin air!
The puff of flame hits you.
* * * LOW HITPOINT WARNING * * *
A puff of flame appears from out of thin air!
The puff of flame hits you!
Ouch! That really hurt!
You die...
Kikubaaqudgha rasps: "You have failed me!
Welcome... death!"

.......#.###.#
.........# #<#
.....#.#.###.#
#............# #
...#.##..#.### .# .
#.##..#.#######^#
#...............####
.#.##..#.####$.......
...##.<@...##.#######
..........{##.#
.#.###........# #
#.......###
#.........#
#.........#
...........#
####.......##
#......##


There were no monsters in sight!

Vanquished Creatures
  2 worms (D:2)
  3 dart slugs
  6 bats
  6 endoplasms
  4 giant cockroaches
  3 goblins
  2 hobgoblins
  3 jackals (D:2)
  5 ball pythons
  A frilled lizard (D:2)
  5 kobolds
  3 rats
43 creatures vanquished.

Notes
Turn   | Place    | Note
-------+----------+-------------------------------------------
     0 | D:1      | lokiplouj the Deep Elf Venom Mage began the quest for the
                  | Orb.
     0 | D:1      | Reached XP level 1. HP: 10/10 MP: 6/6
    68 | D:1      | Found a faded altar of an unknown god.
    86 | D:1      | Prayed at the altar of an unknown god.
    86 | D:1      | Became a worshipper of Kikubaaqudgha
    86 | D:1      | Reached * piety under Kikubaaqudgha
    86 | D:1      | Received a gift from Kikubaaqudgha
   243 | D:1      | Reached XP level 2. HP: 14/15 MP: 2/8
   689 | D:1      | You fall into a shaft and drop 1 floor!
  1165 | D:2      | Reached XP level 3. HP: 16/19 MP: 0/9
  1390 | D:2      | Reached ** piety under Kikubaaqudgha
  1428 | D:2      | Found a glowing silver altar of Zin.
  2113 | D:3      | Noticed Sigmund
  2141 | D:3      | Killed from afar by Sigmund

Illustrated notes

Levels and vault maps discovered:
D:1:      saegor_arrival_miasma, layout_basic, serial_co_window_serial,
          co_window_of_opportunity_a, co_window_corner_a, co_window_paths_b,
          co_window_paths_a, co_window_paths_b, co_window_corner_b,
          co_window_of_opportunity_c, co_window_of_opportunity_b,
          glass_columns_c, glass_columns_b, glass_columns_a, glass_columns_a,
          glass_columns_a, hellmonk_ecumenical_altar_pennies_from_heaven
D:2:      layout_rooms, serial_corexii_hall, corexii_hall_statues_i,
          chequers_hall_statues_wall_a, corexii_hall_statues_i,
          corexii_hall_statues_u, basic_altar, minmay_close_crescents
D:3:      layout_loops_ring, moated_statue, uniq_grinder, uniq_ijyb,
          uniq_jessica, uniq_sigmund

Skill      XL: |  1  2  3 |
---------------+----------+-----
Stealth        | 3 |  3.4
Dodging        | 3 |  3.0
Transmutations | 2 |  2.0
Spellcasting   | |  3.7
Poison Magic   | |  3.8

Action                   || total
-------------------------++-------
Melee: Dagger            ||    69
 Cast: Sting             ||    64
  Use: Scroll            ||     1
Armor: Ring mail         ||    41
       Robe              ||     1
Dodge: Dodged            ||    53
